 Dungeon Crawl Stone Soup version 0.16.1-30-g34a7ffa (webtiles) character file.

143 joy the Sneak (level 5, -1/24 HPs)
             Began as a Spriggan Enchanter on June 22, 2015.
             Slain by an adder (3 damage)
             ... on level 3 of the Dungeon.
             The game lasted 00:06:29 (3296 turns).

joy the Sneak (Spriggan Enchanter)                  Turns: 3296, Time: 00:06:30

Health: -1/24      AC:  3    Str:  4    XL:     5   Next: 4%
Magic:  4/14       EV: 18    Int: 18    God:
Gold:   124        SH:  0    Dex: 16    Spells: 3 memorised, 3 levels left

rFire  + . .     SeeInvis +     i - +0 short sword
rCold  + . .     Clarity  .     b - +1 robe
rNeg   . . .     SustAb   .     (shield restricted)
rPois  +         Gourm    .     (helmet restricted)
rElec  +         Spirit   .     (no cloak)
rCorr  +         Warding  .     (gloves unavailable)
rMut   .         Stasis   .     (boots unavailable)
MR     .....                    (no amulet)
Stlth  ++++......               (no ring)
                                (no ring)

@: lethally poisoned (-1 -> -7), resistant, very slightly contaminated, hasted,
very quick, not resistant to hostile enchantments, stealthy
A: unfitting armour, see invisible, herbivore 3, speed 3, slow metabolism 2
a: no special abilities


You were on level 3 of the Dungeon.
You were not hungry.

You visited 1 branch of the dungeon, and saw 3 of its levels.

You collected 124 gold pieces.

Inventory:

Hand weapons
 a - a +1 dagger
 i - a +0 short sword (weapon)
Armour
 b - a +1 robe (worn)
 r - a +0 buckler
Jewellery
 q - a +3 ring of intelligence {unknown}
Magical devices
 n - a wand of enslavement (8)
Scrolls
 f - a scroll of enchant weapon {unknown}
 g - a scroll of magic mapping {unknown}
 j - a scroll of fear {unknown}
 o - 4 scrolls of identify {unknown}
 p - a scroll of teleportation {unknown}
Potions
 e - a potion of restore abilities
 l - a potion of agility {unknown}
 m - a potion of beneficial mutation {unknown}
Books
 c - a book of Maledictions

   Spells                             Type                      Level
   a - Corona                         Hexes                        1
   b - Sure Blade                     Hexes/Charms                 2
   c - Ensorcelled Hibernation        Hexes/Ice                    2
   d - Confuse                        Hexes                        3
   e - Dazzling Spray                 Conjuration/Hexes            3
   f - Enslavement                    Hexes                        4
Comestibles
 d - a bread ration
 s - a slice of pizza


   Skills:
 + Level 3.8 Short Blades
 - Level 3.0 Dodging
 + Level 7.0 Stealth
 - Level 2.6 Spellcasting
 - Level 3.6 Hexes


You had 3 spell levels left.
You knew the following spells:

 Your Spells              Type           Power        Failure   Level  Hunger
a - Corona                Hex            ###....      4%          1    #......
b - Ensorcelled Hibernat  Hex/Ice        #.....       14%         2    ##.....
c - Confuse               Hex            ###.....     14%         3    ###....


Dungeon Overview and Level Annotations

Branches:
Dungeon (3/15)

Altars:


Innate Abilities, Weirdness & Mutations

You are tiny and cannot use many weapons and most armour.
You have supernaturally acute eyesight.
You are a herbivore.
You cover ground extremely quickly.
You need consume almost no food.


Message History

Aim: an adder (lightly wounded, chance 49%)
The adder resists with some effort.
The adder bites you.
* * * LOW HITPOINT WARNING * * *
You are lethally poisoned!
The adder poisons you!
* * * LOW HITPOINT WARNING * * *
You feel sick.
Wield which item (- for none, * to show all)? (? for menu, Esc to quit)
Okay, then.
Drink which item? (? for menu, Esc to quit)
It was a potion of restore abilities.
You feel refreshed.
Drink which item? (? for menu, Esc to quit)
It was a potion of haste.
You feel yourself speed up.
* * * LOW HITPOINT WARNING * * *
You feel sick. The adder misses you. The adder bites you but does no damage.
Drink which item? (? for menu, Esc to quit)
It was a potion of resistance.
You feel protected. The adder bites you.
You die...

####### #.....#########
+.....+>......### ##
#.....######....##### .#
#.....###...........# .#
#..........#.@..###.#####
.###..........#.S..#..(....#
..........†...#....#######.#
.....####.....'....#.......#
.....# #.....#.)..#.#######
.....# #...†.#..<.#.# .....#
#######......# .....#
#.....## .....# #.....#


You could see an adder.

Vanquished Creatures
  Jessica (D:2)
  5 adders
  A giant mite (D:2)
  3 worms (D:2)
  6 giant geckos
  2 oozes (D:1)
  3 bats
  5 goblins
  5 hobgoblins
  2 quokkas (D:2)
  3 giant cockroaches (D:1)
  5 giant newts
  7 kobolds
  3 rats
51 creatures vanquished.

Notes
Turn   | Place    | Note
--------------------------------------------------------------
     0 | D:1      | joy, the Spriggan Enchanter, began the quest for the Orb.
     0 | D:1      | Reached XP level 1. HP: 9/9 MP: 4/4
   732 | D:1      | Reached XP level 2. HP: 10/13 MP: 7/7
   738 | D:1      | Learned a level 2 spell: Ensorcelled Hibernation
  1003 | D:1      | Reached skill level 5 in Stealth
  1811 | D:2      | Noticed Jessica
  1816 | D:2      | Killed Jessica
  1816 | D:2      | Reached XP level 3. HP: 16/16 MP: 1/9
  2071 | D:2      | Reached skill level 6 in Stealth
  2309 | D:2      | Reached XP level 4. HP: 21/21 MP: 9/12
  3005 | D:2      | Learned a level 3 spell: Confuse
  3142 | D:3      | Reached XP level 5. HP: 24/24 MP: 14/14
  3164 | D:3      | Reached skill level 7 in Stealth
  3296 | D:3      | Slain by an adder

Action                   |  1- 3 |  4- 6 || total
-------------------------+-------+-------++-------
Melee: Dagger            |    72 |     7 ||    79
       Short sword       |    55 |    51 ||   106
 Cast: Ensorcelled Hiber |     8 |    15 ||    23
  Use: Potion            |       |     3 ||     3
 Stab: Sleeping          |     8 |    12 ||    20
  Eat: Pizza             |       |     1 ||     1
